 Dungeon Crawl Stone Soup version 0.29.1-15-g9cfb28693d (webtiles) character file.

Game seed: 15226649099833404154

2896 H0rd4k the Charlatan (level 10, 0/73 HPs)
             Began as a Human Artificer on Apr 27, 2023.
             Was an Initiate of Gozag.
             Slain by an orc warrior
             ... wielding a +2 spectral quarterstaff
              (21 damage)
             ... in a bailey.
             The game lasted 00:15:47 (9225 turns).

H0rd4k the Charlatan (Human Artificer)              Turns: 9225, Time: 00:15:47

Health: 0/73       AC:  9    Str: 13    XL:     10   Next: 5%
Magic:  0/16       EV: 13    Int: 16    God:    Gozag
Gold:   593        SH:  0    Dex: 13    Spells: 17/17 levels left

rFire   . . .      SeeInvis .   a - +3 dagger
rCold   . . .      Faith    .   (no shield)
rNeg    . . .      Spirit   +   b - +0 leather armour
rPois   .          Reflect  .   f - +0 helmet
rElec   .          Harm     .   i - +0 cloak
rCorr   .          Rampage  .   (no gloves)
Will    .....                   (no boots)
Stlth   ++........              x - amulet of guardian spirit
HPRegen 0.22/turn               t - ring of flight
MPRegen 0.15/turn               G - +4 ring of protection

@: flying
A: no striking features
a: Renounce Religion, Potion Petition, Call Merchant, Bribe Branch


You were in a bailey.
You worshipped Gozag.
Gozag was pleased with you.
You visited 2 branches of the dungeon, and saw 9 of its levels.
You also visited: Bailey.

You collected 707 gold pieces.
You paid 114 gold pieces to Gozag.

Inventory:

Hand Weapons
 a - a +3 dagger (weapon)
 q - a +2 dagger of speed
Missiles
 n - 2 poisoned darts (quivered)
Armour
 b - a +0 leather armour (worn)
 f - a +0 helmet (worn)
 i - a +0 cloak (worn)
Magical Staves
 m - a staff of cold
 v - a staff of earth
Jewellery
 l - a ring of willpower
 t - a ring of flight (left hand)
 x - an amulet of guardian spirit (around neck)
 G - a +4 ring of protection (right hand)
Scrolls
 d - 2 scrolls of identify
 g - 2 scrolls of magic mapping
 h - a scroll of summoning {unknown}
 k - a scroll of brand weapon {unknown}
 o - a scroll of enchant armour {unknown}
 p - a scroll of noise {unknown}
 r - a scroll of poison {unknown}
 s - 2 scrolls of blinking
 u - a scroll of vulnerability {unknown}
 y - 2 scrolls of amnesia {unknown}
 A - 2 scrolls of fear {unknown}
 D - a scroll of teleportation {unknown}
 E - a scroll of butterflies {unknown}
Potions
 e - a potion of brilliance {unknown}
 j - 4 potions of attraction
 w - a potion of degeneration {unknown}
 z - a potion of lignification {unknown}
 F - a potion of haste


   Skills:
 + Level 4.9 Fighting
 + Level 5.6 Short Blades
 + Level 2.8 Maces & Flails
 + Level 3.5 Armour
 + Level 5.1 Dodging
 + Level 4.1 Stealth
 * Level 4.4 Spellcasting
 + Level 6.0 Evocations


You had 17 spell levels left.
You didn't know any spells.
Your spell library contained the following spells:

 Spells                   Type           Power      Damage    Failure   Level
 Apportation              Tloc           6%         N/A       21%         1
 Necrotise                Necr           12%        1d4       21%         1
 Summon Small Mammal      Summ           12%        N/A       21%         1
 Frozen Ramparts          Ice            6%         1d1       52%         3
 Vampiric Draining        Necr           3%         2d6       52%         3
 Ice Form                 Ice/Tmut       3%         N/A       89%         4
 Summon Ice Beast         Ice/Summ       3%         N/A       89%         4
 Agony                    Necr           3%         N/A       99%         5


Dungeon Overview and Level Annotations

Branches:
Dungeon (8/15)             Temple (1/1) D:5          Bailey (1/1)
   Lair: D:8-11

Altars:
Ashenzari
Cheibriados
Dithmenos
Elyvilon
Fedhas
Gozag
Kikubaaqudgha
Makhleb
Nemelex Xobeh
Okawaru
Qazlal
Ru
Trog
Uskayaw
Vehumet
Wu Jian
Xom
Yredelemnul
Zin
The Shining One

Shops:
D:8 [

Annotations:
D:2 1 runed translucent door, exclusions: door and downstairs, Crazy Yiuf
D:3 1 exclusion
D:4 exclusion: two-headed ogre, Grinder
D:5 exclusion: upstairs
D:6 Maggie


Message History

The floor.
Saving game... please wait.
Welcome back, H0rd4k the Human Artificer.
Gozag says: Greed is good.
Press ? for a list of commands and other information.
The orc warrior shouts!
The orc warrior hits you from afar with a +0 halberd!
There is an open door here.
There is an open door here.
Things that are here:
a +0 chain mail; a +0 trident; 7 gold pieces
Things that are here:
a +0 chain mail; a +0 halberd
Aiming: Charm
Press: ? - help, Shift-Dir - straight line, f - orc knight
Aim: an orc knight, wielding a +0 trident and wearing a +0 plate armour (wandering, hasn't noticed you, chance to affect: 47%)
The orc knight shouts!
The orc knight resists with some effort.
Aiming: Charm
Press: ? - help, Shift-Dir - straight line, f/p - orc knight
Aim: an orc knight, wielding a +0 trident and wearing a +0 plate armour (chance to affect: 47%)
The orc knight resists with some effort.
The orc knight hits you from afar with a +0 trident!!
Aiming: Charm
Press: ? - help, Shift-Dir - straight line, f/p - orc knight
Aim: an orc knight, wielding a +0 trident and wearing a +0 plate armour (chance to affect: 47%)
The orc knight resists with some effort.
The now-empty wand crumbles to dust.
The orc knight hits you but does no damage.
The orc warrior barely misses you.
The orc warrior attacks as you move away!
The orc warrior hits you with a +2 spectral quarterstaff.
* * * LOW HITPOINT WARNING * * *
The orc knight roars a battlecry!
The orc warrior goes into a battle-frenzy!
The orc warrior attacks as you move away!
The orc warrior closely misses you.
The orc warrior hits you with a +2 spectral quarterstaff!!
You die...
Your body crumbles into a pile of gold.

~..##...'#..≈≈≈.≈§≈..##...##..~.#
~.##.....##.........##.....##.~.#
~.#############'#############.~.#
~..........##.....##..........~.#
~~~~[~~[~~..##[)[##..~~~~~~[~)).#
.........~~..##.##..~~..........#
########..~~..###..~~..######..##
##..~[....o~~o.## ##..#
##..~~~~@~~..## #..##
##.........## ##∩∩# ###########
####


You could see an orc knight and an orc warrior (strong).

Vanquished Creatures
  A two-headed ogre (D:8)
  Sigmund (D:3)
  Eustachio (D:6)
  Menkaure (D:6)
  An orc warrior (Bailey)
  An ogre (D:5)
  A centaur (D:6)
  A phantom (D:5)
  2 kobold brigands
  2 necrophages
  3 scorpions
  4 electric eels (D:6)
  A jelly (D:6)
  5 hounds
  2 gnoll boudas
  Jessica (D:2)
  Natasha (thrice) (D:2)
  2 iguanas
  2 orc wizards
  2 gnolls (D:3)
  12 adders
  3 worms
  2 dart slugs
  21 orcs
  4 bats
  6 endoplasms
  4 giant cockroaches
  8 goblins
  2 hobgoblins
  4 jackals (D:1)
  5 kobolds
  4 quokkas
  5 ball pythons
  3 frilled lizards
  8 rats
128 creatures vanquished.

Vanquished Creatures (collateral kills)
  An orc warrior (Bailey)
  A phantom (D:4)
  A scorpion (D:4)
  An iguana (D:4)
  4 gnolls
  An ufetubus (D:6)
  8 orcs
  An endoplasm (D:4)
  A giant cockroach (D:4)
  A goblin (D:4)
  2 hobgoblins (D:4)
22 creatures vanquished.

Vanquished Creatures (others)
  An orc knight (Bailey)
  An orc priest (D:6)
  A gnoll bouda (D:3)
  A gnoll (D:5)
4 creatures vanquished.

Grand Total: 154 creatures vanquished

Notes
Turn   | Place    | Note
-------+----------+-------------------------------------------
     0 | D:1      | H0rd4k the Human Artificer began the quest for the Orb.
     0 | D:1      | Reached XP level 1. HP: 15/15 MP: 1/1
   336 | D:1      | Reached XP level 2. HP: 21/21 MP: 2/2
   634 | D:1      | Found a faded altar of an unknown god.
  1044 | D:2      | Reached XP level 3. HP: 18/26 MP: 3/3
  1445 | D:2      | Noticed Natasha
  1453 | D:2      | Killed Natasha
  1454 | D:2      | Reached skill level 1 in Maces & Flails
  1454 | D:2      | Reached skill level 4 in Evocations
  1454 | D:2      | Reached XP level 4. HP: 16/32 MP: 4/4
  1487 | D:2      | Noticed Natasha
  1489 | D:2      | Killed Natasha
  1618 | D:2      | Noticed Jessica
  1620 | D:2      | Killed Jessica
  1621 | D:2      | Reached XP level 5. HP: 37/37 MP: 5/5
  1626 | D:2      | Noticed Natasha
  1633 | D:2      | Killed Natasha
  2159 | D:2      | Found a runed translucent door.
  2160 | D:2      | Noticed Crazy Yiuf
  2322 | D:3      | Reached XP level 6. HP: 39/44 MP: 6/6
  2549 | D:3      | Noticed Sigmund
  2552 | D:3      | Killed Sigmund
  2553 | D:3      | Reached skill level 1 in Short Blades
  2553 | D:3      | Reached XP level 7. HP: 51/51 MP: 7/7
  3043 | D:4      | Noticed Grinder
  3102 | D:4      | Reached skill level 1 in Spellcasting
  4074 | D:4      | Reached XP level 8. HP: 58/58 MP: 10/10
  4107 | D:4      | Noticed a two-headed ogre
  4261 | D:5      | Entered Level 5 of the Dungeon
  5078 | D:5      | Reached skill level 5 in Evocations
  5470 | D:5      | Found a staircase to the Ecumenical Temple.
  5490 | Temple   | Entered the Ecumenical Temple
  5645 | Temple   | Became a worshipper of Gozag Ym Sagoz the Greedy
  6602 | D:6      | Found a white marble altar of Elyvilon.
  6608 | D:6      | Found a bloodstained altar of Trog.
  6610 | D:6      | Found a shadowy altar of Dithmenos.
  6612 | D:6      | Found an ornate altar of the Wu Jian Council.
  6763 | D:6      | Found a basalt altar of Yredelemnul.
  6827 | D:6      | Noticed Maggie
  7046 | D:6      | Reached XP level 9. HP: 37/65 MP: 13/13
  7226 | D:6      | HP: 2/65 [orc priest/+0 short sword (2)]
  7559 | D:6      | Noticed Eustachio
  7574 | D:6      | Killed Eustachio
  7779 | D:6      | Noticed Menkaure
  7783 | D:6      | Killed Menkaure
  8233 | D:8      | Found Iwacaw's Armour Emporium.
  8252 | D:8      | Reached skill level 5 in Short Blades
  8267 | D:8      | Noticed a two-headed ogre
  8289 | D:8      | Killed a two-headed ogre
  8290 | D:8      | Reached skill level 6 in Evocations
  8378 | D:8      | Found a flagged portal.
  8415 | Bailey   | Entered a bailey
  8584 | Bailey   | Noticed an orc knight
  8584 | Bailey   | Noticed an orc knight
  8602 | Bailey   | Reached skill level 5 in Dodging
  8602 | Bailey   | Reached XP level 10. HP: 42/73 MP: 12/16
  9225 | Bailey   | Slain by an orc warrior

Illustrated notes

Levels and vault maps discovered:
D:1:      lightli_iron_boxes, layout_basic,
          shapermc_ecumenical_altar_starsandcircs
D:2:      layout_rooms, uniq_natasha, uniq_jessica, uniq_crazy_yiuf_cottage
D:3:      layout_rooms, serial_glass, glass_columns_c, glass_columns_a,
          item_on_display_a, minmay_strange_pillars, due_unseen_surprise,
          uniq_sigmund
D:4:      layout_basic, nzn_random_ring, uniq_grinder
D:5:      layout_layer_cave, minmay_temple_entry_fiery, nicolae_titane
D:6:      layout_gridville, nicolae_overflow_hallway_of_the_gods,
          kennysheep_boxes, uniq_maggie, uniq_menkaure, uniq_eustachio
D:7:      layout_basic
D:8:      layout_rooms, dpeg_oklobed_lair, enter_bailey_3, serial_shops,
          nicolae_stop_n_shop_2, uniq_grum
Temple:   lightli_temple_of_artemis
Bailey:   bailey_polearm_1, bailey

Skill      XL: |  1  2  3  4  5  6  7  8  9 |
---------------+----------------------------+-----
Maces & Flails | 1 2 |  2.8
Evocations     | 4 5 6 |  6.0
Dodging        | 2 3 5 |  5.1
Stealth        | 2 3 4 |  4.1
Fighting       | 2 3 4 |  4.9
Short Blades   | 1 3 4 5 |  5.6
Spellcasting   | 1 2 4 |  4.4
Armour         | 3 |  3.5

Action                   |  1- 3 |  4- 6 |  7- 9 | 10-12 || total
-------------------------+-------+-------+-------+-------++-------
Melee: Club              |    51 |       |       |       ||    51
       Mace              |    24 |       |       |       ||    24
       Punch             |     1 |       |    13 |     1 ||    15
       Dagger            |       |    62 |   418 |    81 ||   561
Throw: Dart              |       |       |       |     2 ||     2
Evoke: Wand              |     5 |    14 |    48 |     7 ||    74
  Use: Scroll            |       |       |     4 |       ||     4
       Potion            |       |       |     4 |     3 ||     7
 Stab: Sleeping          |     2 |     1 |    10 |       ||    13
       Distracted        |       |       |     1 |       ||     1
Armor: Leather armour    |    22 |    22 |   100 |    15 ||   159
Dodge: Dodged            |    46 |    24 |   328 |    52 ||   450
